 Dungeon Crawl Stone Soup version 0.27-a0-1591-gc56fcc985a (webtiles) character file.

Game seed: 1538284719922796131

1765 Gwenloh the Chopper (level 8, -1/62 HPs)
             Began as a Minotaur Warper on July 19, 2021.
             Was a Follower of Uskayaw.
             Succumbed to a gnoll's poison
             ... on level 4 of the Dungeon.
             The game lasted 00:20:22 (7763 turns).

Gwenloh the Chopper (Minotaur Warper)               Turns: 7763, Time: 00:20:23

Health: -1/62      AC:  3    Str: 16    XL:     8   Next: 79%
Magic:  12/12      EV: 11    Int:  9    God:    Uskayaw [*.....]
Gold:   40         SH:  0    Dex: 11    Spells: 6/13 levels left

rFire    . . .     SeeInvis +   a - +5 executioner's axe (elec)
rCold    . . .     Faith    .   (shield currently unavailable)
rNeg     . . .     Spirit   .   y - +0 leather armour
rPois    .         Reflect  .   (helmet restricted)
rElec    .         Harm     .   (no cloak)
rCorr    .         Rampage  .   (no gloves)
Will     .....                  (no boots)
Stlth    +.........             B - amulet of magic regeneration
HPRegen  0.20/turn              u - ring of see invisible
MPRegen  0.38/turn              (no ring)

@: lethally poisoned (-1 -> -16)
A: horns 2, retaliatory headbutt, see invisible, dopey 1
a: Renounce Religion, Stomp


You were on level 4 of the Dungeon.
You worshipped Uskayaw.
Uskayaw was noncommittal.
You visited 2 branches of the dungeon, and saw 6 of its levels.

You collected 236 gold pieces.
You spent 196 gold pieces at shops.

Inventory:

Hand Weapons
 a - a +5 executioner's axe of electrocution (weapon)
 b - a +0 hunting sling
 g - a +0 war axe
 F - a +0 hand axe
Missiles
 d - a boomerang of dispersal
 j - 82 stones
 k - 18 sling bullets
 l - 64 arrows
 m - 42 bolts
 G - 10 poisoned darts (quivered)
Armour
 s - a +0 pair of gloves
 y - a +0 leather armour (worn)
Jewellery
 u - a ring of see invisible (left hand)
 B - an amulet of magic regeneration (around neck)
Wands
 r - a wand of flame (19)
 x - a wand of polymorph (6)
Scrolls
 c - 2 scrolls of blinking
 f - a scroll of noise
 i - 2 scrolls of teleportation
 p - a scroll of fog
 w - a scroll of torment
 z - a scroll of brand weapon
 C - a scroll of amnesia
 E - a scroll of magic mapping
 H - a scroll of fear {unknown}
Potions
 e - a potion of mutation
 h - a potion of ambrosia {unknown}
 n - a potion of berserk rage {unknown}
 o - a potion of lignification {unknown}
 t - a potion of curing {unknown}
 v - a potion of invisibility {unknown}
 A - a potion of flight {unknown}
 D - a potion of attraction {unknown}


   Skills:
 - Level 2.4 Fighting
 + Level 7.6 Axes
 - Level 1.0 Throwing
 + Level 6.5 Armour
 - Level 2.1 Dodging
 + Level 3.4 Spellcasting
 + Level 5.0 Translocations
 + Level 2.0 Invocations


You had 6 spell levels left.
You knew the following spells:

 Your Spells              Type           Power      Damage    Failure   Level
a - Blink                 Tloc           N/A        N/A       6%          2
b - Manifold Assault      Tloc           10%        N/A       75%         5

Your spell library contained the following spells:

 Spells                   Type           Power      Damage    Failure   Level
 Gell's Gravitas          Tloc           5%         N/A       13%         3
 Lesser Beckoning         Tloc           5%         N/A       13%         3
 Teleport Other           Tloc           10%        N/A       13%         3
 Freeze                   Ice            4%         1d3       34%         1
 Frozen Ramparts          Ice            2%         1d2       71%         3
 Ignite Poison            Fire/Tmut/Pois 1%         N/A       71%         3
 Mephitic Cloud           Conj/Pois/Air  1%         N/A       71%         3
 Hailstorm                Conj/Ice       1%         3d3       98%         4
 Bolt of Magma            Conj/Fire/Erth 0%         4d4       100%        5
 Malign Gateway           Summ/Tloc      3%         N/A       100%        7
 Summon Horrible Things   Summ           0%         N/A       100%        8


Dungeon Overview and Level Annotations

Branches:
Dungeon (5/15)             Temple (1/1) D:4

Altars:
Ashenzari
Cheibriados
Elyvilon
Fedhas
Gozag
Hepliaklqana
Kikubaaqudgha
Nemelex Xobeh
Okawaru
Qazlal
Sif Muna
Trog
Uskayaw
Vehumet
Wu Jian
Xom
Zin

Shops:
D:1 :   D:5 ?


Innate Abilities, Weirdness & Mutations

You have a pair of horns on your head.
You reflexively headbutt those who attack you in melee.
You have supernaturally acute eyesight. (SInv)
You are dopey. (Int -2)


Message History

The gnoll looks even sicker.
The gnoll is lightly wounded.
Throw: 12 darts (poison)
Press: ? - help, Q - select action, (/) - cycle Shift-Dir - straight line, f/p - gnoll
Aim: a gnoll, wielding a +0 halberd of venom (60% to hit)
You throw a poisoned dart.
The poisoned dart closely misses the gnoll.
The poisoned dart barely misses the gnoll.
Throw: 11 darts (poison)
Press: ? - help, Q - select action, (/) - cycle Shift-Dir - straight line, f/p - gnoll
Aim: a gnoll, wielding a +0 halberd of venom (60% to hit)
You throw a poisoned dart. The poisoned dart hits the gnoll.
The gnoll looks as sick as possible!
The gnoll is severely wounded.
You slash the gnoll! Lightning courses through the gnoll!
You kill the gnoll!
You see here a poisoned dart.
You closely miss the gnoll. You headbutt the gnoll!
The gnoll is severely wounded.
The gnoll hits you from afar with a +0 halberd!
The gnoll hits you with a +0 halberd of venom!
You are poisoned.
The gnoll closely misses you.
The gnoll hits you with a +0 halberd of venom!
You are more poisoned.
You feel very sick.
The gnoll hits you from afar with a +0 halberd of venom!
* * * LOW HITPOINT WARNING * * *
You are more poisoned.
There is a stone staircase leading up, spattered with blood here.
* * * LOW HITPOINT WARNING * * *
You feel very sick. The gnoll barely misses you. The gnoll closely misses you.
You climb upwards.
* * * LOW HITPOINT WARNING * * *
You feel extremely sick.
There is a stone staircase leading down here.
It was a potion of mutation.
You feel extremely strange.
You feel stupid.
Your vision sharpens.
You die...

#.....##.##.# ###.#### ######
##.##.#..##.# #.# .....#
#.......##.### #.# .###.##
#............###.# ......#
##.#.............# .#.#..#
#.###..##...############ ......#
#......###### #........ ##..#.#
######.## #.####### ###.#.# #.[@#
#####.### # ###.#.# #...#
#.......# # ......#
#..)####.###.#.# ###.#####
#.........##.#.## #
###...>.######...####........# #
.##.###.#..............#.#...####
.##.#.^..................#.......
.##...#.#<..................#####
........######...####.....>### #


There were no monsters in sight!

Vanquished Creatures
  Pikel (D:4)
  Sigmund (D:3)
  A wraith (D:5)
  2 necrophages (D:4)
  An ogre (D:3)
  3 lemures
  3 phantoms (D:5)
  A bullfrog (D:4)
  2 scorpions
  A water moccasin skeleton (D:5)
  2 hounds
  A centaur skeleton (D:5)
  An iguana (D:5)
  An orc wizard (D:5)
  A hound skeleton (D:3)
  2 adders (D:5)
  A gnoll (D:5)
  2 white imps (D:5)
  An ufetubus (D:4)
  4 dart slugs
  8 orcs
  7 ball pythons
  6 endoplasms
  4 giant cockroaches
  9 goblins
  5 hobgoblins
  17 jackals
  2 quokkas (D:2)
  5 bats
  2 frilled lizards
  7 kobolds
  8 rats
112 creatures vanquished.

Notes
Turn   | Place    | Note
-------+----------+-------------------------------------------
     0 | D:1      | Gwenloh the Minotaur Warper began the quest for the Orb.
     0 | D:1      | Reached XP level 1. HP: 18/18 MP: 1/1
   162 | D:1      | Reached XP level 2. HP: 15/25 MP: 3/3
   178 | D:1      | Reached skill level 3 in Axes
   352 | D:1      | Learned a level 2 spell: Blink
   599 | D:1      | Reached XP level 3. HP: 24/30 MP: 4/4
   868 | D:1      | Found Myvoej's Book Shoppe.
  1446 | D:2      | Found a hide-covered altar of Uskayaw.
  1589 | D:2      | Became a worshipper of Uskayaw the Reveller
  1660 | D:2      | Found a faded altar of an unknown god.
  1665 | D:2      | Reached * piety under Uskayaw
  2023 | D:3      | Found a radiant altar of Vehumet.
  2025 | D:3      | Reached ** piety under Uskayaw
  2026 | D:3      | Reached skill level 4 in Axes
  2202 | D:3      | Reached XP level 4. HP: 37/37 MP: 5/5
  2210 | D:3      | Noticed Sigmund
  2814 | D:3      | Noticed an ogre
  3100 | D:3      | Killed Sigmund
  3101 | D:3      | Reached skill level 5 in Axes
  3101 | D:3      | Reached XP level 5. HP: 7/42 MP: 2/6
  3529 | D:3      | Killed an ogre
  3530 | D:3      | Reached XP level 6. HP: 4/50 MP: 1/7
  4299 | D:4      | Found a staircase to the Ecumenical Temple.
  4308 | D:4      | Noticed Pikel
  4312 | Temple   | Entered the Ecumenical Temple
  4674 | D:4      | Killed Pikel
  4675 | D:4      | Reached skill level 6 in Axes
  4675 | D:4      | Reached skill level 5 in Armour
  4675 | D:4      | Reached XP level 7. HP: 30/56 MP: 5/9
  4822 | D:4      | Learned a level 5 spell: Manifold Assault
  5115 | D:4      | Reached XP level 8. HP: 15/62 MP: 5/11
  5655 | D:5      | Entered Level 5 of the Dungeon
  5818 | D:5      | Reached skill level 7 in Axes
  6236 | D:5      | Reached skill level 1 in Invocations
  7246 | D:5      | Reached skill level 5 in Translocations
  7278 | D:5      | Found Lyox Eka's Magic Scroll Boutique.
  7504 | D:5      | Bought a scroll of identify for 28 gold pieces
  7504 | D:5      | Bought a scroll of identify for 28 gold pieces
  7504 | D:5      | Bought a scroll of identify for 28 gold pieces
  7504 | D:5      | Bought a scroll of identify for 28 gold pieces
  7504 | D:5      | Bought a scroll of identify for 28 gold pieces
  7504 | D:5      | Bought a scroll of identify for 28 gold pieces
  7504 | D:5      | Bought a scroll of identify for 28 gold pieces
  7507 | D:5      | Identified a scroll of acquirement
  7513 | D:5      | Acquired a +1 executioner's axe of electrocution
  7762 | D:4      | HP: 1/62 [poisoned by a gnoll]
  7763 | D:4      | Gained mutation: You are dopey. (Int -2) [potion of
                  | mutation]
  7763 | D:4      | Gained mutation: You have supernaturally acute eyesight.
                  | (SInv) [potion of mutation]
  7763 | D:4      | Succumbed to a gnoll's poison

Illustrated notes

Levels and vault maps discovered:
D:1:      sevenhm_arrival_forest_fort_small_5, layout_basic, serial_shops, shop,
          kennysheep_flooded_box
D:2:      layout_basic, basic_altar, ebering_ecumenical_altar_mist,
          serial_park_tiny_2, skrybe_limestone_x
D:3:      layout_loops_cross, vehumet_altar_wand_db, kennysheep_small_spiral,
          uniq_sigmund
D:4:      layout_loops_cross, minmay_temple_entry_large_hall, uniq_pikel
D:5:      layout_basic, serial_shops, nicolae_shop_window_shopping
Temple:   kb_temple_of_zot

Skill      XL: |  1  2  3  4  5  6  7  8 |
---------------+-------------------------+-----
Axes           | 3 4 5 6 7 |  7.6
Translocations | 3 4 5 |  5.0
Armour         | 3 5 6 |  6.5
Spellcasting   | 2 3 |  3.4
Invocations    | 2 |  2.0
Fighting       | |  2.4
Throwing       | |  1.0
Dodging        | |  2.1

Action                   |  1- 3 |  4- 6 |  7- 9 || total
-------------------------+-------+-------+-------++-------
Melee: Hand axe          |   109 |    66 |   108 ||   283
       Headbutt          |    15 |    12 |    26 ||    53
       Unarmed           |       |    21 |       ||    21
       War axe           |       |       |     8 ||     8
       Executioner's axe |       |       |     2 ||     2
 Fire: Hunting sling     |       |       |    33 ||    33
Throw: Boomerang         |     4 |       |       ||     4
       Stone             |    50 |    28 |    18 ||    96
       Dart              |       |       |     7 ||     7
 Cast: Blink             |       |     2 |     2 ||     4
Invok: Stomp             |     1 |     6 |    13 ||    20
       Line Pass         |       |     1 |     1 ||     2
  Use: Scroll            |       |       |    14 ||    14
       Potion            |       |       |     1 ||     1
 Stab: Sleeping          |     1 |       |       ||     1
       Confused          |       |     1 |       ||     1
Armor: Leather armour    |    24 |    17 |    21 ||    62
       Skin              |       |     7 |       ||     7
Dodge: Dodged            |    67 |    64 |    84 ||   215

Table legend: (Time is in decaauts)
 A = Elapsed time spent in this place.
 B = Non-inter-level travel time spent in this place.
 C = Inter-level travel time spent in this place.
 D = Time resting spent in this place.
 E = Time spent auto-exploring this place.
 F = Levels seen in this place.
 G = Mean time per level.
                   A        B        C        D        E       F      G
               +--------+--------+--------+--------+--------+-----+--------+
         Total |   7796 |   7441 |    355 |   1542 |   4748 |   6 | 1299.3 |
       Dungeon |   7467 |   7127 |    340 |   1542 |   4448 |   5 | 1493.4 |
        Temple |    329 |    314 |     15 |      0 |    300 |   1 |  329.0 |
               +--------+--------+--------+--------+--------+-----+--------+

Top non-repeatable levels by time:
     D:5: 1927 daAuts
     D:4: 1600 daAuts
     D:3: 1489 daAuts
     D:1: 1282 daAuts
     D:2: 1167 daAuts
  Temple: 329 daAuts
